 Dungeon Crawl Stone Soup version 0.31-a0-845-g9abc20d24f (webtiles) character file.

Game seed: 6797299102000724249

487 Dirtsage the Cleaver (level 6, 0/51 HPs)
             Began as a Minotaur Fighter on Oct 3, 2023.
             Slain by Grinder (4 damage)
             ... on level 5 of the Dungeon.
             The game lasted 00:06:30 (3214 turns).

Dirtsage the Cleaver (Minotaur Fighter)             Turns: 3214, Time: 00:06:31

Health: 0/51       AC: 12    Str: 22    XL:     6   Next: 89%
Magic:  5/5        EV:  6    Int:  5    God:
Gold:   205        SH:  4    Dex: 10    Spells: 5/5 levels left

rFire   . . .        a - +0 war axe
rCold   . . .        c - +0 buckler
rNeg    . . .        g - +0 plate armour
rPois   .            (helmet restricted)
rElec   .            (no cloak)
rCorr   +            (no gloves)
SInv    .            k - +0 pair of boots
Will    +....        e - amulet of faith Stlth
                     j - ring of willpower
HPRegen 0.28/turn    C - ring of resist corrosion
MPRegen 0.09/turn

%: faith
@: no status effects
A: horns 2, retaliatory headbutt
a: no special abilities


You were on level 5 of the Dungeon.
You visited 1 branch of the dungeon, and saw 5 of its levels.

You collected 205 gold pieces.

Inventory:

Hand Weapons
 a - a +0 war axe (weapon)
Armour
 b - a +0 scale mail
 c - a +0 buckler (worn)
 g - a +0 plate armour (worn)
 k - a +0 pair of boots (worn)
Jewellery
 e - an amulet of faith (around neck)
 j - a ring of willpower (left hand)
 C - a ring of resist corrosion (right hand)
 F - a ring of protection from fire
Scrolls
 f - 4 scrolls of identify {unknown}
 h - a scroll of silence {unknown}
 i - a scroll of immolation {unknown}
 m - a scroll of torment {unknown}
 q - 2 scrolls of vulnerability {unknown}
 s - a scroll of amnesia {unknown}
 t - a scroll of teleportation {unknown}
Potions
 d - 3 potions of might
 l - a potion of enlightenment {unknown}
 n - a potion of invisibility {unknown}
 o - 2 potions of curing {unknown}
 p - 2 potions of degeneration {unknown}
 r - a potion of brilliance {unknown}
 u - a potion of mutation {unknown}


   Skills:
 - Level 3.6 Fighting
 + Level 9.1 Axes
 - Level 3.6 Armour
 - Level 3.6 Shields


You had 5 spell levels left.
You didn't know any spells.
Your spell library was empty.

Dungeon Overview and Level Annotations

Branches:
Dungeon (5/15)
 Temple: D:4-7

Altars:

Annotations:
D:3 2 transporters, orangepiccolo's ghost, amateur HOMo
D:5 Grinder


Innate Abilities, Weirdness & Mutations

You have a pair of horns on your head.
You reflexively headbutt those who attack you in melee.


Message History

Grinder hits you but does no damage. Grinder hits you.
You writhe in agony.
You can move again.
You take 12 damage, and have 20/51 hp.
MASSIVE DAMAGE!!
Unknown command.
Unknown command.
You closely miss Grinder. Grinder barely misses you.
You hit Grinder. You headbutt Grinder!
Grinder is moderately wounded.
Grinder completely misses you.
You hit Grinder. You headbutt Grinder.
Grinder is heavily wounded.
Grinder hits you.
You take 3 damage, and have 17/51 hp.
You hit Grinder.
Grinder is severely wounded.
Grinder blinks!
Grinder blinks!
Grinder says, "DUCK!"
There is an escape hatch in the ceiling here.
You barely miss Grinder. Your headbutt misses Grinder.
Grinder is heavily wounded.
Grinder hits you.
* * * LOW HITPOINT WARNING * * *
You writhe in agony.
* * * LOW HITPOINT WARNING * * *
You take 8 damage, and have 11/51 hp.
You slash Grinder!
Grinder is severely wounded.
Grinder hits you but does no damage.
You slash Grinder! You headbutt Grinder, but do no damage.
Grinder is almost dead.
Grinder hits you!
* * * LOW HITPOINT WARNING * * *
You take 8 damage, and have 3/51 hp.
You hit Grinder.
Grinder is almost dead.
Grinder hits you.
You die...
Grinder says, "Now the real fun starts!"

#.... ... #.... ... .. #
#....##....# .##..
.........#..##.....
.........#.........
.........##...#.... .
.........#.#......
.......#.....@.#........
.......#....5...........
##......................
####.............###..#......
..#.............## #.#.......
#...........#....####.#......#
..[.....†...##...#...........#
.........)..####..............
...........)####..............


You could see Grinder.

Vanquished Creatures
  An ice beast (D:5)
  A phantom (D:3)
  A scorpion (D:4)
  A hound (D:4)
  A sleepcap (D:5)
  A gnoll bouda (D:3)
  An orc wizard (D:4)
  4 gnolls (D:3)
  3 adders
  2 worms
  2 dart slugs
  4 orcs
  10 ball pythons
  6 endoplasms
  3 giant cockroaches
  4 goblins
  8 hobgoblins
  3 quokkas
  8 bats
  3 frilled lizards
  10 kobolds
  5 rats
82 creatures vanquished.

Notes
Turn   | Place    | Note
-------+----------+-------------------------------------------
     0 | D:1      | Dirtsage the Minotaur Fighter began the quest for the Orb.
     0 | D:1      | Reached XP level 1. HP: 19/19 MP: 0/0
    64 | D:1      | Reached skill level 3 in Axes
    82 | D:1      | Found a faded altar of an unknown god.
   113 | D:1      | Reached XP level 2. HP: 26/26 MP: 1/1
   431 | D:1      | Reached skill level 4 in Axes
   658 | D:1      | Reached XP level 3. HP: 31/31 MP: 2/2
  1533 | D:3      | Reached skill level 5 in Axes
  1612 | D:3      | Reached XP level 4. HP: 27/39 MP: 3/3
  1624 | D:3      | Reached skill level 6 in Axes
  1762 | D:3      | Found a transporter.
  1897 | D:3      | Found a transporter.
  1900 | D:3      | Noticed orangepiccolo's ghost (amateur HOMo)
  1920 | D:3      | Noticed a phantom
  1923 | D:3      | Reached XP level 5. HP: 41/45 MP: 4/4
  1926 | D:3      | Killed a phantom
  1927 | D:3      | Reached skill level 7 in Axes
  2639 | D:4      | Reached XP level 6. HP: 51/51 MP: 5/5
  2845 | D:4      | Reached skill level 8 in Axes
  3091 | D:5      | Entered Level 5 of the Dungeon
  3176 | D:5      | Noticed an ice beast
  3184 | D:5      | Killed an ice beast
  3185 | D:5      | Reached skill level 9 in Axes
  3189 | D:5      | Noticed Grinder
  3197 | D:5      | Paralysed by Grinder for 4 turns
  3214 | D:5      | Slain by Grinder

Illustrated notes

Levels and vault maps discovered:
D:1:      minmay_arrival_semitransparent, layout_basic,
          ebering_ecumenical_altar_rust, st_stairs_8
D:2:      layout_loops_corners, glass_columns_b, kennysheep_potato
D:3:      layout_loops_cross, gammafunk_ghost_mausoleum, nicolae_grassy_gnolls
D:4:      layout_basic
D:5:      layout_cave_pools, serial_shops, shop_statue, uniq_pikel,
          uniq_blork_the_orc, uniq_grinder

Skill      XL: |  1  2  3  4  5  6 |
---------------+-------------------+-----
Axes           | 3 4 5 6 7 9 |  9.1
Fighting       | |  3.6
Armour         | |  3.6
Shields        | |  3.6

Action                     |  1- 3 |  4- 6 || total
---------------------------+-------+-------++-------
  Melee: War axe           |    82 |    93 ||   175
         Headbutt          |     8 |    13 ||    21
 Armour: Scale mail        |    29 |       ||    29
         Plate armour      |    36 |    80 ||   116
  Dodge: Dodged            |    31 |    26 ||    57
  Block: Buckler           |    23 |    28 ||    51

Table legend: (Time is in decaauts)
 A = Elapsed time spent in this place.
 B = Non-inter-level travel time spent in this place.
 C = Inter-level travel time spent in this place.
 D = Time resting spent in this place.
 E = Time spent auto-exploring this place.
 F = Levels seen in this place.
 G = Mean time per level.
                   A        B        C        D        E       F      G
               +--------+--------+--------+--------+--------+-----+--------+
         Total |   3254 |   3115 |    139 |     96 |   2527 |   5 |  650.8 |
       Dungeon |   3254 |   3115 |    139 |     96 |   2527 |   5 |  650.8 |
               +--------+--------+--------+--------+--------+-----+--------+

Top non-repeatable levels by time:
     D:3: 804 daAuts
     D:4: 784 daAuts
     D:1: 777 daAuts
     D:2: 763 daAuts
     D:5: 124 daAuts
